 Dungeon Crawl Stone Soup version 0.28.0 (webtiles) character file.

Game seed: 18437042956501772415

3557 browni3141 the Cleaver (level 9, -1/83 HPs)
             Began as a Minotaur Berserker on Feb 10, 2022.
             Was a Priest of Trog.
             Slain by a cyclops (19 damage)
             ... on level 7 of the Dungeon.
             The game lasted 00:03:50 (6558 turns).

browni3141 the Cleaver (Minotaur Berserker)         Turns: 6558, Time: 00:03:51

Health: -1/83      AC: 16    Str: 26    XL:     9   Next: 83%
Magic:  8/8        EV:  9    Int:  4    God:    Trog [***...]
Gold:   226        SH:  0    Dex: 10    Spells: 8/8 levels left

rFire   . . .      SeeInvis .   l - +1 hand axe (elec)
rCold   . . .      Faith    .   (no shield)
rNeg    . . .      Spirit   .   G - +0 plate armour
rPois   .          Reflect  .   (helmet restricted)
rElec   .          Harm     .   d - +0 cloak
rCorr   .          Rampage  .   (no gloves)
Will    +++..                   h - +0 pair of boots
Stlth   ..........              i - amulet of magic regeneration
HPRegen 1.23/turn               c - ring of flight
MPRegen 0.51/turn               y - ring of willpower

@: lethally poisoned (-1 -> -2), strong-willed (expiring), on berserk cooldown,
flying, regenerating (expiring), slowed, very slow
A: horns 2, retaliatory headbutt
a: Renounce Religion, Berserk, Trog's Hand


You were on level 7 of the Dungeon.
You worshipped Trog.
Trog was most pleased with you.
You visited 1 branch of the dungeon, and saw 7 of its levels.

You collected 226 gold pieces.

Inventory:

Hand Weapons
 a - a +0 hand axe
 l - a +1 hand axe of electrocution (weapon)
 F - a +0 war axe
Missiles
 C - 4 throwing nets (quivered)
Armour
 b - a +0 animal skin
 d - a +0 cloak (worn)
 h - a +0 pair of boots (worn)
 v - a +0 chain mail
 G - a +0 plate armour (worn)
Jewellery
 c - a ring of flight (left hand)
 i - an amulet of magic regeneration (around neck)
 k - a ring of ice
 m - a ring of protection from fire
 y - a ring of willpower (right hand)
 D - the ring of Surprise {rC- rN+++ Will+ Str-3 Int+6}
   (You found it on level 6 of the Dungeon)

   [ring of intelligence]

   Str:       It affects your strength (-3).
   Int:       It affects your intelligence (+6).
   rC:        It makes you vulnerable to cold.
   rN:        It renders you almost immune to negative energy.
   Will:      It increases your willpower.
Scrolls
 e - a scroll of summoning {unknown}
 f - a scroll of noise {unknown}
 j - 4 scrolls of identify {unknown}
 n - 2 scrolls of enchant armour {unknown}
 o - a scroll of holy word {unknown}
 r - 3 scrolls of teleportation {unknown}
 w - 4 scrolls of amnesia {unknown}
 x - a scroll of vulnerability {unknown}
Potions
 g - a potion of brilliance {unknown}
 p - 2 potions of might {unknown}
 q - a potion of haste {unknown}
 s - 2 potions of curing
 t - 2 potions of degeneration {unknown}
 u - a potion of flight {unknown}
 z - a potion of attraction {unknown}
 A - a potion of heal wounds {unknown}
 B - a potion of cancellation {unknown}
 E - a potion of ambrosia {unknown}
 H - a potion of resistance {unknown}


   Skills:
 + Level 9.2 Fighting
 + Level 9.3 Axes
 + Level 8.8 Armour
 + Level 8.0 Dodging


You had 8 spell levels left.
You didn't know any spells.
Your spell library was empty.

Dungeon Overview and Level Annotations

Branches:
Dungeon (7/15)             Temple (0/1) D:6

Altars:
Cheibriados
Vehumet
Zin

Shops:
D:1 *


Innate Abilities, Weirdness & Mutations

You have a pair of horns on your head.
You reflexively headbutt those who attack you in melee.


Message History

You barely miss the killer bee.
You are no longer berserk.
You are exhausted.
You feel yourself slow down. The killer bee stings you.
You are poisoned.
The killer bee poisons you! The killer bee barely misses you.
You hit the cyclops. Lightning courses through the cyclops!
The cyclops is heavily wounded.
You miss the killer bee.
You feel very sick. The killer bee stings you.
The killer bee closely misses you. The cyclops hits you!
You hit the cyclops but do no damage. You headbutt the cyclops!
The cyclops is heavily wounded.
You barely miss the killer bee.
You feel sick. The killer bee stings you.
You are more poisoned.
The killer bee poisons you! The killer bee stings you. The cyclops hits you!
The killer bee stings you!
* * * LOW HITPOINT WARNING * * *
You are lethally poisoned!
The killer bee poisons you!
You are too injured to fight recklessly!
You are too injured to fight recklessly!
Unknown command.
It was a potion of curing.
You feel better.
The killer bee stings you but does no damage. x2
The cyclops hits you!
* * * LOW HITPOINT WARNING * * *
The killer bee stings you.
* * * LOW HITPOINT WARNING * * *
You are poisoned.
The killer bee poisons you!
Unknown command.
Your skin crawls.
You feel strong-willed.
You feel the effects of Trog's Hand fading.
You feel sick. The killer bee barely misses you. The killer bee stings you.
* * * LOW HITPOINT WARNING * * *
The cyclops hits you!!
You die...

#. #. #. #. ### #+# #. ..##
... #. .l# #.# #. #C#..# #.
## #@#.#...$ # #.yl.# #
#.#.#.... #. ##†#..# #.
..#..#####..# #.# .#.# ..
#.......## ... #...#
#.#####'##### ###+#####...#
#.#.........##........#...#
#.#..######.#.##......#...#


You could see a cyclops, a komodo dragon, an iguana and a killer bee.

Vanquished Creatures
  An ugly thing (D:7)
  A troll (D:7)
  2 water moccasins
  An orc warrior (D:6)
  2 ice beasts (D:7)
  4 centaurs (D:7)
  6 ogres
  2 phantoms
  A kobold brigand (D:5)
  3 bullfrogs (D:7)
  A water moccasin zombie (D:5)
  A water moccasin skeleton (D:5)
  5 wights (D:7)
  4 howler monkeys (D:7)
  A centaur skeleton (D:5)
  A gnoll shaman (D:6)
  3 orc priests
  4 hounds
  2 jellies
  4 iguanas
  3 orc wizards (D:7)
  A scorpion zombie (D:5)
  A killer bee zombie (D:7)
  8 gnolls
  4 adders
  2 howler monkey skeletons (D:6)
  5 white imps
  An ufetubus (D:5)
  2 adder skeletons (D:4)
  2 worms
  5 dart slugs
  6 orcs
  6 ball pythons
  8 bats
  3 endoplasms
  2 giant cockroaches
  8 goblins
  3 hobgoblins (D:1)
  6 jackals
  3 quokkas
  4 frilled lizards
  7 kobolds
  2 rats (D:1)
141 creatures vanquished.

Notes
Turn   | Place    | Note
-------+----------+-------------------------------------------
     0 | D:1      | browni3141 the Minotaur Berserker began the quest for the
                  | Orb.
     0 | D:1      | Reached XP level 1. HP: 19/19 MP: 0/0
   245 | D:1      | Reached XP level 2. HP: 11/27 MP: 1/1
   755 | D:1      | Found a faded altar of an unknown god.
   857 | D:1      | Found Gahim's Assorted Antiques.
  1040 | D:1      | Reached ** piety under Trog
  1112 | D:2      | Reached XP level 3. HP: 33/33 MP: 2/2
  1517 | D:2      | You are sucked into a shaft and drop 2 floors!
  1608 | D:3      | Found a radiant altar of Vehumet.
  1817 | D:3      | Reached XP level 4. HP: 41/41 MP: 3/3
  2959 | D:4      | Noticed an ogre
  2964 | D:4      | Killed an ogre
  2965 | D:4      | Reached XP level 5. HP: 47/47 MP: 4/4
  3444 | D:5      | Entered Level 5 of the Dungeon
  3449 | D:5      | Noticed a phantom
  3458 | D:5      | Killed a phantom
  3459 | D:5      | Reached skill level 5 in Fighting
  3459 | D:5      | Reached skill level 5 in Axes
  3459 | D:5      | Reached XP level 6. HP: 56/56 MP: 5/5
  3795 | D:5      | Reached skill level 5 in Armour
  3795 | D:5      | Reached XP level 7. HP: 59/62 MP: 6/6
  4293 | D:5      | Found a snail-covered altar of Cheibriados.
  4426 | D:5      | Found a glowing silver altar of Zin.
  4627 | D:6      | Reached skill level 5 in Dodging
  4630 | D:6      | Found a staircase to the Ecumenical Temple.
  4799 | D:6      | Reached XP level 8. HP: 71/71 MP: 7/7
  5351 | D:6      | Identified the ring of Surprise {rC- rN+++ Will+ Str-3
                  | Int+6}
  6165 | D:7      | Reached XP level 9. HP: 81/81 MP: 8/8
  6347 | D:7      | Reached *** piety under Trog
  6531 | D:7      | Noticed a troll
  6538 | D:7      | Killed a troll
  6543 | D:7      | Noticed a cyclops
  6543 | D:7      | Noticed a purple ugly thing
  6547 | D:7      | Noticed a komodo dragon
  6550 | D:7      | Killed a purple ugly thing
  6558 | D:7      | Slain by a cyclops

Illustrated notes

Levels and vault maps discovered:
D:1:      sevenhm_arrival_forest_fort_large_4, layout_loops_ring,
          hellmonk_ecumenical_altar_blasted, serial_shops,
          nicolae_shop_hallway_plus
D:2:      layout_basic, corexii_corridor_pit, minmay_tripent
D:3:      layout_basic, fiery_altar_vehumet
D:4:      layout_loops_cross, minivault_14
D:5:      layout_loops_ring, kennysheep_slug_shrine, zin_treasury
D:6:      layout_loops_corners, minmay_temple_entry_proselytizer
D:7:      layout_basic, minmay_the_grid_2x2 [minmay_the_grid_gridbox,
          minmay_the_grid_expand, minmay_the_grid_box_x,
          minmay_the_grid_prize_inner_circle]

Skill      XL: |  1  2  3  4  5  6  7  8  9 |
---------------+----------------------------+-----
Fighting       | 4 5 6 7 9 |  9.2
Axes           | 4 5 6 7 9 |  9.3
Armour         | 3 4 5 6 7 8 |  8.8
Dodging        | 3 4 5 6 8 |  8.0

Action                   |  1- 3 |  4- 6 |  7- 9 || total
-------------------------+-------+-------+-------++-------
Melee: Hand axe          |    90 |    61 |   179 ||   330
       Headbutt          |     9 |    11 |    39 ||    59
       Punch             |       |     1 |       ||     1
Invok: Berserk           |       |     3 |     9 ||    12
       Trog's Hand       |       |       |     1 ||     1
  Use: Potion            |       |       |     1 ||     1
Armor: Animal skin       |    30 |     6 |       ||    36
       Chain mail        |       |    17 |    37 ||    54
       Plate armour      |       |       |    47 ||    47
Dodge: Dodged            |    48 |    29 |    67 ||   144
